 Dungeon Crawl Stone Soup version 0.29.1-12-g30fa7ad0bf (webtiles) character file.

Game seed: 4284889785506446791

52 xian the Trooper (level 3, -1/34 HPs)
             Began as a Hill Orc Wanderer on Jan 7, 2023.
             Succumbed to a kobold's poison
             ... on level 2 of the Dungeon.
             The game lasted 00:04:23 (2446 turns).

xian the Trooper (Hill Orc Wanderer)                Turns: 2446, Time: 00:04:24

Health: -1/34      AC:  4    Str: 12    XL:     3   Next: 85%
Magic:  5/5        EV: 11    Int: 18    God:
Gold:   122        SH:  4    Dex: 14    Spells: 4/5 levels left

rFire   . . .      SeeInvis .   a - +2 spear
rCold   . . .      Faith    .   b - +0 buckler
rNeg    . . .      Spirit   .   d - +0 robe
rPois   .          Reflect  .   (no helmet)
rElec   .          Harm     .   (no cloak)
rCorr   .          Rampage  .   i - +0 pair of gloves
Will    .....                   o - +0 pair of boots
Stlth   +.........              (no amulet)
HPRegen 0.11/turn               l - +6 ring of intelligence
MPRegen 0.09/turn               (no ring)

@: lethally poisoned (-1 -> -4)
A: no striking features
a: no special abilities


You were on level 2 of the Dungeon.
You visited 1 branch of the dungeon, and saw 3 of its levels.

You collected 122 gold pieces.

Inventory:

Hand Weapons
 a - a +2 spear (weapon)
Missiles
 k - 6 poisoned darts
Armour
 b - a +0 buckler (worn)
 d - a +0 robe (worn)
 i - a +0 pair of gloves (worn)
 o - a +0 pair of boots (worn)
Jewellery
 l - a +6 ring of intelligence (left hand)
Scrolls
 c - a scroll of blinking
 e - a scroll of noise {unknown}
 f - 2 scrolls of immolation {unknown}
 g - 3 scrolls of identify {unknown}
 h - a scroll of poison {unknown}
 m - a scroll of teleportation {unknown}
 p - a scroll of butterflies {unknown}
Potions
 j - 2 potions of flight {unknown}
 n - a potion of heal wounds {unknown}
 q - a potion of resistance {unknown}
 r - a potion of lignification {unknown}
 s - a potion of curing {unknown}


   Skills:
 + Level 4.3 Fighting
 + Level 3.4 Polearms
 + Level 0.3 Dodging
 + Level 0.4 Stealth
 + Level 1.1 Shields
 + Level 1.6 Spellcasting
 + Level 1.0 Necromancy
 + Level 1.0 Evocations


You had 4 spell levels left.
You knew the following spells:

 Your Spells              Type           Power      Damage    Failure   Level
a - Necrotise             Necr           20%        1d5       16%         1

Your spell library contained the following spells:

 Spells                   Type           Power      Damage    Failure   Level
 Apportation              Tloc           2%         N/A       24%         1
 Slow                     Hex            4%         N/A       24%         1
 Vampiric Draining        Necr           5%         2d6       43%         3
 Confusing Touch          Hex            1%         N/A       58%         3
 Tukima's Dance           Hex            1%         N/A       58%         3
 Passage of Golubria      Tloc           1%         N/A       94%         4
 Alistair's Intoxication  Tmut/Pois      0%         N/A       100%        5
 Yara's Violent Unravell  Hex/Tmut       0%         3d3       100%        5


Dungeon Overview and Level Annotations

Branches:
Dungeon (3/15)

Altars:
Elyvilon
Uskayaw


Message History

The bat closely misses you. The bat attacks as you move away! The bat hits you.
You feel sick.
An adder comes into view.
The bat hits you.
* * * LOW HITPOINT WARNING * * *
The adder moves out of view.
You feel sick.
The adder hisses angrily.
The bat closely misses you.
You barely miss the bat.
You feel sick. The bat hits you but does no damage. You block the bat's attack.
You feel sick. The bat completely misses you. The bat attacks as you move away!
The bat hits you but does no damage.
You feel sick.
You are no longer poisoned.
The bat hits you but does no damage. The bat attacks as you move away!
The bat barely misses you. x2
The bat hits you but does no damage. You block the bat's attack.
The bat barely misses you. The bat closely misses you.
The bat attacks as you move away! The bat hits you but does no damage. x2
The bat barely misses you. The bat barely misses you.
The kobold throws a poisoned dart.
The poisoned dart hits you!
You are lethally poisoned!
The bat attacks as you move away! The bat hits you but does no damage.
* * * LOW HITPOINT WARNING * * *
You feel sick. The bat misses you. The bat attacks as you move away!
The bat closely misses you.
* * * LOW HITPOINT WARNING * * *
You feel sick. The bat hits you.
* * * LOW HITPOINT WARNING * * *
* * * LOW HITPOINT WARNING * * *
You feel sick. The bat hits you but does no damage.
The kobold throws a poisoned dart.
You block the poisoned dart.
There is a stone staircase leading up here.
* * * LOW HITPOINT WARNING * * *
You feel sick. You block the bat's attack. The adder closely misses you.
You climb upwards.
You die...

...# #.# #..# #.. #..# #.#
##..#####.. #..# #.#
####.......... #..#
##(###### ##......#######
#..###.......# ##...#.#.#
#...#...####.# ##......#.#
#.......^###.# ##.......#.#
..........##.###..........#
................@.........#
........##.......S.......##
....##.###.####.#.......##
....##.##...###.##......#
..............#.##....#.#
...##...#...#.#.##.#.##.#
..<#.###.#.##.#.##.#.##.#
.....# #.#.##.#.##.#.##.#
#..#.###.#.##.#.#.#..##.#


You could see an adder.

Vanquished Creatures
  An adder (D:2)
  A gnoll (D:1)
  3 endoplasms (D:1)
  A giant cockroach (D:2)
  3 goblins
  7 hobgoblins
  A quokka (D:2)
  4 ball pythons
  4 bats (D:1)
  2 frilled lizards (D:1)
  A kobold (D:1)
  5 rats
33 creatures vanquished.

Notes
Turn   | Place    | Note
-------+----------+-------------------------------------------
     0 | D:1      | xian the Hill Orc Wanderer began the quest for the Orb.
     0 | D:1      | xian set off with the following items: a +2 spear, a +0
                  | buckler, a scroll of blinking, a +0 robe; and the following
                  | spell memorised: Necrotise; and the following spells
                  | available to memorise: Vampiric Draining.
     0 | D:1      | Reached XP level 1. HP: 19/19 MP: 3/3
   196 | D:1      | Reached XP level 2. HP: 27/27 MP: 4/4
   206 | D:1      | Reached skill level 4 in Fighting
   604 | D:1      | Reached XP level 3. HP: 31/33 MP: 5/5
   635 | D:1      | Found a faded altar of an unknown god.
   646 | D:1      | Got Plato's Essays on the Grave
  1728 | D:2      | Found a hide-covered altar of Uskayaw.
  2403 | D:3      | Found a white marble altar of Elyvilon.
  2445 | D:3      | HP: 1/34 [poisoned by a kobold]
  2446 | D:2      | Succumbed to a kobold's poison

Illustrated notes

Levels and vault maps discovered:
D:1:      nicolae_arrival_somewhat_less_tricky_arrival, layout_basic,
          shapermc_ecumenical_altar_rom_forum
D:2:      layout_loops_ring, basic_altar, serial_bayou_pond_a
D:3:      layout_rooms, elyvilon_altar_5, serial_corexii_hall,
          chequers_hall_statues_wall_a, corexii_hall_statues_u,
          grunt_ministairs_2, hangedman_decor_peaks_small

Skill      XL: |  1  2  3 |
---------------+----------+-----
Fighting       | 4 |  4.3
Polearms       | 3 |  3.4
Dodging        | |  0.3
Stealth        | |  0.4
Shields        | |  1.1
Spellcasting   | |  1.6
Necromancy     | |  1.0
Evocations     | |  1.0

Action                   || total
-------------------------++-------
Melee: Spear             ||   107
 Cast: Necrotise         ||    11
 Stab: Sleeping          ||     2
Armor: Robe              ||    30
Dodge: Dodged            ||    94
Block: Buckler           ||    27
